 Dungeon Crawl Stone Soup version 0.27-a0-1140-g099f9bb0e8 (webtiles) character file.

Game seed: 165209208281175326

25 CurlyBrace the Chiller (level 2, 1/12 HPs)
             Began as a Felid Ice Elementalist on May 10, 2021.
             Quit the game on level 5 of the Dungeon.
             The game lasted 00:02:18 (289 turns).

CurlyBrace the Chiller (Felid Ice Elementalist)      Turns: 289, Time: 00:02:19

Health: 1/12       AC:  1    Str:  4    XL:     2   Next: 82%
Magic:  0/6        EV: 17    Int: 16    God:
Gold:   31         SH:  0    Dex: 16    Spells: 4/5 levels left
                                        Lives:  0   Deaths: 0

rFire    . . .     SeeInvis +     - Unarmed
rCold    . . .     Faith    .   (shield unavailable)
rNeg     . . .     Spirit   .   (armour unavailable)
rPois    .         Reflect  .   (helmet unavailable)
rElec    .         Harm     .   (cloak unavailable)
rCorr    .         Rampage  .   (gloves unavailable)
Will     .....                  (boots unavailable)
Stlth    ++........             (no amulet)
HPRegen  0.04/turn              (no ring)
MPRegen  0.10/turn              (no ring)

@: lethally poisoned (1 -> -1), quick
A: very small, claws 1, fangs 3, see invisible, speed 1, shaggy fur 1, stealthy
paws, no weapons or thrown items, no armour, multi-lived
a: no special abilities


You were on level 5 of the Dungeon.
You visited 1 branch of the dungeon, and saw 5 of its levels.

You collected 31 gold pieces.

Inventory:

Missiles
 b - 4 stones
Scrolls
 r - a scroll of identify
 t - a scroll of teleportation
Potions
 a - a potion of brilliance


   Skills:
 * Level 1.3 Fighting
 - Level 3.0 Dodging
 - Level 3.0 Stealth
 * Level 1.5 Unarmed Combat
 - Level 2.0 Spellcasting
 - Level 3.6 Ice Magic


You had 4 spell levels left.
You knew the following spells:

 Your Spells              Type           Power      Damage    Failure   Level
a - Freeze                Ice            52%        1d7       4%          1

Your spell library contained the following spells:

 Spells                   Type           Power      Damage    Failure   Level
 Frozen Ramparts          Ice            26%        1d4       14%         3
 Ozocubu's Armour         Ice            13%        N/A       14%         3
 Hailstorm                Conj/Ice       7%         3d4       69%         4
 Metabolic Englaciation   Hex/Ice        3%         N/A       95%         5


Dungeon Overview and Level Annotations

Branches:
Dungeon (5/15)
 Temple: D:4-7

Altars:


Innate Abilities, Weirdness & Mutations

You have sharp claws.
You have razor-sharp teeth.
You have supernaturally acute eyesight. (SInv)
You cover ground quickly. (Speed+)
You are covered in fur. (AC +1)
Your paws help you pounce on unaware monsters.
You are incapable of wielding weapons or throwing items.
You cannot wear armour.
You gain extra lives every three experience levels.


Message History

Confirm with . or Enter, or press ? or * to list all spells.
You don't have enough magic to cast this spell.
Unknown command.
Unknown command.
Casting: Freeze (safe; 4% risk of failure)
Confirm with . or Enter, or press ? or * to list all spells.
You don't have enough magic to cast this spell.
Unknown command.
A water moccasin comes into view.
Casting: Freeze (safe; 4% risk of failure)
Confirm with . or Enter, or press ? or * to list all spells.
Aiming: Freeze (safe; 4% risk of failure)
Press: ? - help, Shift-Dir - straight line, f/p - adder
Aim: an adder (moderately wounded)
You freeze the adder.
The adder is heavily wounded.
The adder seems to slow down.
The adder bites you.
You are lethally poisoned!
The adder poisons you!
Unknown command.
Unknown command.
You barely miss the adder.
The adder is heavily wounded.
You feel sick. The adder completely misses you.
Unknown command.
You closely miss the adder.
The adder is heavily wounded.
* * * LOW HITPOINT WARNING * * *
You feel sick. The adder bites you.
* * * LOW HITPOINT WARNING * * *
Unknown command.
You completely miss the adder.
The adder is heavily wounded.
* * * LOW HITPOINT WARNING * * *
You feel sick.
The adder is no longer moving slowly.
Unknown command.
The adder closely misses you.
Unknown command.
Unknown command.
Are you sure you want to abandon this character and quit the game? (Confirm with "yes".)

####### ..
####.....# #
#.##........# .#
#...........# ..#
#..........##S...
##.........#...#
#.........#..#
##........S@.#
#..........####..
#........#####...
#......w# #.....
#....#.###......
#......# .......
#.....###......$
##...$.##........
..........<.......


You could see a water moccasin (asleep) and an adder.

Vanquished Creatures
  2 adders (D:3)
  A ball python (D:2)
  A bat (D:2)
  2 hobgoblins (D:3)
  2 kobolds
8 creatures vanquished.

Notes
Turn   | Place    | Note
-------+----------+-------------------------------------------
     0 | D:1      | CurlyBrace the Felid Ice Elementalist began the quest for
                  | the Orb.
     0 | D:1      | Reached XP level 1. HP: 7/7 MP: 4/4
   189 | D:3      | Noticed a necrophage
   215 | D:3      | Reached skill level 1 in Fighting
   215 | D:3      | Reached skill level 1 in Unarmed Combat
   215 | D:3      | Reached XP level 2. HP: 3/12 MP: 3/6
   268 | D:5      | Entered Level 5 of the Dungeon
   280 | D:5      | Noticed a water moccasin
   289 | D:5      | Quit the game

Illustrated notes

Levels and vault maps discovered:
D:1:      minmay_arrival_glassed_features, layout_loops_corners,
          ebering_ecumenical_altar_ruins, minmay_surrounded
D:2:      layout_basic, basic_altar
D:3:      layout_loops_ring, serial_shops, shop, nicolae_shop_statue_plus,
          nicolae_shop_stone, shop_fountains, shop
D:4:      minmay_chambers_of_fours, layout_cave_pools, minmay_between
D:5:      layout_cave_pods, uniq_pikel

Skill      XL: |  1  2 |
---------------+-------+-----
Fighting       | 1 |  1.3
Stealth        | 3 |  3.0
Unarmed Combat | 1 |  1.5
Dodging        | 3 |  3.0
Spellcasting   | |  2.0
Ice Magic      | |  3.6

Action                   || total
-------------------------++-------
Melee: Unarmed           ||    13
       Bite              ||     2
 Cast: Freeze            ||    17
  Use: Scroll            ||     3
       Potion            ||     1
 Stab: Sleeping          ||     3
Armor: Skin              ||     4
Dodge: Dodged            ||    26

Table legend: (Time is in decaauts)
 A = Elapsed time spent in this place.
 B = Non-inter-level travel time spent in this place.
 C = Inter-level travel time spent in this place.
 D = Time resting spent in this place.
 E = Time spent auto-exploring this place.
 F = Levels seen in this place.
 G = Mean time per level.
                   A        B        C        D        E       F      G
               +--------+--------+--------+--------+--------+-----+--------+
         Total |    244 |    244 |      0 |      0 |      0 |   5 |   48.8 |
       Dungeon |    244 |    244 |      0 |      0 |      0 |   5 |   48.8 |
               +--------+--------+--------+--------+--------+-----+--------+

Top non-repeatable levels by time:
     D:2: 121 daAuts
     D:3: 61 daAuts
     D:1: 25 daAuts
     D:5: 18 daAuts
     D:4: 17 daAuts
